 Dungeon Crawl Stone Soup version 0.27.1-37-g7b29ead8ac (webtiles) character file.

Game seed: 3350612710583101391

24836 FuzzyBarbErik the Unseen (level 12, -2/51 HPs)
             Began as a Felid Enchanter on Dec 5, 2021.
             Was the Champion of Nemelex Xobeh.
             Slain by a death yak (24 damage)
             ... on level 5 of the Lair of Beasts on June 17, 2023.
             The game lasted 01:49:10 (28015 turns).

FuzzyBarbErik the Unseen (Felid Enchanter)         Turns: 28015, Time: 01:49:10

Health: -2/51      AC:  7    Str:  4      XL:     12   Next: 84%
Magic:  20/24      EV: 28    Int: 15 (16) God:    Nemelex Xobeh [******]
Gold:   926        SH:  5    Dex: 21 (22) Spells: 5/26 levels left
                                        Lives:  0   Deaths: 3

rFire    x . .     SeeInvis +     - Unarmed
rCold    + + .     Faith    .   (shield unavailable)
rNeg     . . .     Spirit   .   (armour unavailable)
rPois    .         Reflect  +   (helmet unavailable)
rElec    .         Harm     .   (cloak unavailable)
rCorr    .         Rampage  .   (gloves unavailable)
Will     +....                  (boots unavailable)
Stlth    +++++++...             C - amulet of reflection
HPRegen  0.17/turn              d - +4 ring of protection
MPRegen  0.19/turn              i - ring of ice

@: confusing by touch, quick
A: very small, claws 1, fangs 3, see invisible, speed 1, shaggy fur 3, stealthy
paws, no weapons or thrown items, no armour, multi-lived, deterioration 1,
evolution 1, subdued magic 1
a: Renounce Religion, Draw Escape, Draw Destruction, Draw Summoning, Triple
Draw, Deal Four, Stack Five


You were on level 5 of the Lair of Beasts.
You worshipped Nemelex Xobeh.
Nemelex Xobeh was exalted by your worship.
You visited 3 branches of the dungeon, and saw 19 of its levels.
You also visited: Ice Cave.

You collected 1753 gold pieces.
You spent 827 gold pieces at shops.

Inventory:

Jewellery
 a - a ring of protection from fire
 d - a +4 ring of protection (left paw)
 i - a ring of ice (right paw)
 p - a ring of protection from cold
 u - a ring of positive energy
 w - a ring of willpower
 C - an amulet of reflection (around neck)
 D - an amulet of the acrobat
 G - a ring of flight
Wands
 h - a wand of flame (67)
 j - a wand of iceblast (29)
 t - a wand of polymorph (12)
 E - a wand of mindburst (17)
 F - a wand of acid (22)
Scrolls
 c - 2 scrolls of fog
 e - a scroll of fear
 f - 3 scrolls of amnesia
 g - 6 scrolls of teleportation
 m - a scroll of vulnerability
 x - a scroll of summoning
 y - a scroll of holy word
 B - 3 scrolls of magic mapping
 H - a scroll of blinking
Potions
 b - a potion of lignification
 k - 2 potions of flight
 l - 5 potions of haste
 n - 2 potions of ambrosia
 o - 3 potions of magic
 q - 3 potions of resistance
 r - 6 potions of brilliance
 s - a potion of attraction
 v - 4 potions of curing
 z - a potion of berserk rage
 A - a potion of cancellation


   Skills:
 + Level 5.4 Fighting
 * Level 12.1 Dodging
 + Level 16.0 Stealth
 * Level 12.4 Unarmed Combat
 + Level 7.5 Spellcasting
 - Level 4.0 Conjurations
 + Level 11.1 Hexes
 * Level 3.3 Translocations
 - Level 4.0 Transmutations
 + Level 6.4 Ice Magic
 * Level 7.6 Invocations
 + Level 1.0 Evocations


You had 5 spell levels left.
You knew the following spells:

 Your Spells              Type           Power      Damage    Failure   Level
a - Corona                Hex            33%        N/A       1%          1
b - Ensorcelled Hibernat  Hex/Ice        72%        N/A       1%          2
c - Confusing Touch       Hex            30%        N/A       1%          3
d - Frozen Ramparts       Ice            56%        1d7       1%          3
e - Dazzling Flash        Conj/Hex       42%        N/A       1%          3
f - Ice Form              Ice/Tmut       24%        N/A       12%         4
g - Tukima's Dance        Hex            30%        N/A       1%          3
h - Blink                 Tloc           N/A        N/A       3%          2

Your spell library contained the following spells:

 Spells                   Type           Power      Damage    Failure   Level
 Freeze                   Ice            100%       1d11      1%          1
 Summon Guardian Golem    Hex/Summ       17%        N/A       2%          3
 Fulminant Prism          Conj/Hex       10%        3d9       4%          4
 Lesser Beckoning         Tloc           6%         N/A       8%          3
 Pain                     Necr           16%        1d4       11%         1
 Summon Small Mammal      Summ           16%        N/A       11%         1
 Leda's Liquefaction      Hex/Erth       8%         N/A       11%         4
 Hailstorm                Conj/Ice       24%        3d7       12%         4
 Conjure Flame            Conj/Fire      8%         6-21      14%         3
 Ignite Poison            Fire/Tmut/Pois 7%         N/A       19%         3
 Mephitic Cloud           Conj/Pois/Air  7%         N/A       19%         3
 Iskenderun's Mystic Bla  Conj/Tloc      12%        2d5       24%         4
 Summon Ice Beast         Ice/Summ       17%        N/A       28%         4
 Silence                  Hex/Air        8%         N/A       30%         5
 Call Canine Familiar     Summ           4%         N/A       32%         3
 Manifold Assault         Tloc           12%        N/A       61%         5
 Bolt of Magma            Conj/Fire/Erth 3%         4d5       88%         5
 Agony                    Necr           4%         N/A       97%         5
 Lee's Rapid Deconstruct  Erth           2%         3d5*      97%         5
 Statue Form              Tmut/Erth      5%         N/A       100%        6
 Excruciating Wounds      Necr           Unusable   N/A       N/A         5

Dungeon Overview and Level Annotations

Branches:
Dungeon (12/15)            Temple (0/1) D:5            Lair (5/6) D:10
 Shoals (0/4) Lair:2       Spider (0/4) Lair:4          Orc (2/2) D:12
    Elf (0/3) Orc:2         IceCv (visited)
  Slime: Lair:5-6

Altars:
Ashenzari
Cheibriados
Dithmenos
Elyvilon
Gozag
Hepliaklqana
Nemelex Xobeh
Ru
Trog
The Shining One

Shops:
D:5 :   D:8 =   D:10 ?   Orc:2 ?(?!

Annotations:
Lair:5 3 runed translucent doors, Nessos
Orc:1 1 transporter, barkas's ghost, journeyman CeMo


Innate Abilities, Weirdness & Mutations

You have sharp claws.
You have razor-sharp teeth.
You have supernaturally acute eyesight. (SInv)
You cover ground quickly. (Speed+)
Your thick and shaggy fur keeps you warm. (AC +3, rC+)
Your paws help you pounce on unaware monsters.
You are incapable of wielding weapons or throwing items.
You cannot wear armour.
You gain extra lives every three experience levels.
Your body sometimes deteriorates upon taking damage.
You evolve.
Your spells are a little easier to cast, but a little less powerful.


Message History

You scratch the rime drake but do no damage.
The rime drake completely misses you.
You scratch the rime drake but do no damage.
The rime drake appears confused.
You scratch the rime drake but do no damage.
Casting: Confusing Touch (safe; 1% risk of failure)
Confirm with . or Enter, or press ? or * to list all spells.
Your paws begin to glow red.
The death yak completely misses you.
You scratch the death yak but do no damage.
Your bite misses the death yak. The death yak completely misses you.
You scratch the death yak but do no damage.
Your bite misses the death yak. The death yak gores you!!
You scratch the death yak but do no damage.
You bite the death yak, but do no damage.
You scratch the death yak but do no damage.
The death yak completely misses you.
You scratch the death yak but do no damage.
You bite the death yak, but do no damage.
The death yak closely misses you.
You scratch the death yak but do no damage.
The death yak closely misses you.
The rime drake bites the death yak.
You draw a card...
You have drawn Pain.
Press: ? - help, Shift-Dir - straight line, f - death yak
Aim: a death yak (lightly wounded, chance to confuse on hit: 5%)
The death yak convulses!
You barely miss the death yak.
The death yak is heavily wounded.
The death yak gores you!
Your body deteriorates!
You feel dopey.
You scratch the death yak but do no damage.
The death yak is heavily wounded.
The death yak misses you.
You scratch the death yak but do no damage.
You bite the death yak, but do no damage.
The death yak is heavily wounded.
The death yak gores you!!
You die...
Your body glows with a rainbow of weird colours and disappears.

###### ### ### ###..#.### ###
#P(#
###.###..#.....####.##.P.##..
#.................÷..........
#.(.........Y@..#.###....##..
##........k......###...#####...
#....#.#.P..##.....#.#.#.#.....
###........#.#...##.#..#.P.#...
#P.............#..........+...
##.P#...÷............P....P...
#........÷..........P...#.#...
##.#.#.....##....####.#####...
#...###.÷.......####..#..#....


You could see a death yak and a rime drake (confused).

Vanquished Creatures
  A reaper (IceCv)
  An ettin (Orc:2)
  Snorg (Lair:5)
  4 hydras (Lair:2)
  A catoblepas (Lair:3)
  3 orc high priests (Orc:2)
  7 two-headed ogres
  Sonja (Lair:3)
  The ghost of soonk12 the Fighter, a novice MiBe of Trog (D:7)
  4 orc knights (Orc:2)
  4 orc sorcerers (Orc:2)
  A manticore (Lair:2)
  9 elephants
  3 black mambas
  2 ice statues (IceCv)
  2 gargoyles
  Maggie (D:10)
  2 torpor snails (Lair:3)
  9 cane toads
  Psyche (D:10)
  6 komodo dragons
  9 ice devils
  3 rime drakes
  2 entropy weaver simulacra (IceCv)
  3 anaconda simulacra (IceCv)
  2 trolls (D:11)
  A wind drake (Lair:2)
  A polar bear (Lair:3)
  15 blink frogs
  2 hornets
  3 dire elephant simulacra (IceCv)
  A redback (Lair:4)
  2 wyverns
  46 yaks
  A wraith (D:10)
  3 basilisks
  A steam dragon (D:5)
  2 vampire mosquitoes (D:11)
  9 wargs
  2 acid dragons
  2 harpy simulacra (IceCv)
  14 water moccasins
  17 orc warriors
  An ice beast (D:6)
  6 black bears
  A necrophage (D:6)
  12 centaurs
  10 wolves
  4 ogres
  2 phantoms
  A kobold brigand (D:6)
  14 bullfrogs
  6 scorpions
  2 cane toad simulacra (IceCv)
  A gnoll sergeant (D:6)
  2 water moccasin zombies
  A water moccasin skeleton (D:5)
  13 killer bees
  An elephant simulacrum (IceCv)
  3 wights
  An electric eel (Lair:4)
  7 howler monkeys
  2 bullfrog zombies (D:5)
  4 centaur zombies
  5 hounds
  A jelly (D:8)
  4 bullfrog skeletons
  A centaur skeleton (D:5)
  20 orc priests
  2 gnoll shamans
  5 iguanas
  Ijyb (D:3)
  20 orc wizards
  5 hell rats (Lair:5)
  A spriggan simulacrum (IceCv)
  A hound zombie (D:5)
  2 hound skeletons (D:5)
  14 gnolls
  6 adders
  A shadow imp (D:7)
  2 ufetubi
  2 dart slugs
  2 worms (D:3)
  56 orcs
  5 ball pythons
  6 endoplasms
  2 giant cockroaches
  5 hobgoblins
  4 jackals (D:2)
  5 quokkas
  9 bats
  4 frilled lizards
  7 goblins
  10 kobolds
  7 rats
514 creatures vanquished.

Vanquished Creatures (others)
  37 fungi
  60 plants
97 creatures vanquished.

Grand Total: 611 creatures vanquished

Notes
Turn   | Place    | Note
-------+----------+-------------------------------------------
     0 | D:1      | FuzzyBarbErik the Felid Enchanter began the quest for the
                  | Orb.
     0 | D:1      | Reached XP level 1. HP: 7/7 MP: 4/4
   913 | D:1      | Reached XP level 2. HP: 7/11 MP: 6/6
  1403 | D:1      | Reached skill level 5 in Hexes
  1440 | D:1      | Learned a level 2 spell: Ensorcelled Hibernation
  1569 | D:1      | Found a faded altar of an unknown god.
  1726 | D:2      | Reached XP level 3. HP: 14/14 MP: 3/7
  2374 | D:3      | Reached XP level 4. HP: 18/18 MP: 8/8
  2702 | D:3      | Found a bloodstained altar of Trog.
  2936 | D:3      | Noticed Ijyb
  2961 | D:3      | Killed Ijyb
  2962 | D:3      | Reached XP level 5. HP: 18/21 MP: 3/9
  3705 | D:3      | Reached skill level 1 in Ice Magic
  4399 | D:3      | Gained mutation: You are covered in thick fur. (AC +2)
                  | [Felid growth]
  4399 | D:3      | Reached XP level 6. HP: 23/24 MP: 1/10
  4661 | D:4      | Reached skill level 5 in Unarmed Combat
  4953 | D:4      | Learned a level 3 spell: Confusing Touch
  5219 | D:5      | Entered Level 5 of the Dungeon
  5244 | D:5      | Noticed a steam dragon
  5330 | D:5      | Found a staircase to the Ecumenical Temple.
  5335 | D:5      | Reached skill level 5 in Stealth
  5335 | D:5      | Reached XP level 7. HP: 27/27 MP: 6/11
  5665 | D:4      | Reached skill level 6 in Stealth
  5950 | D:5      | You fall into a shaft and drop 1 floor!
  6210 | D:6      | Found a faded altar of an unknown god.
  6210 | D:6      | Found a sparkling altar of Nemelex Xobeh.
  6216 | D:6      | Found an opulent altar of Gozag.
  6221 | D:6      | Found a sacrificial altar of Ru.
  6223 | D:6      | Found a faded altar of an unknown god.
  6263 | D:6      | Became a worshipper of Nemelex Xobeh the Trickster
  6318 | D:6      | Reached XP level 8. HP: 16/31 MP: 2/13
  6577 | D:6      | Reached skill level 7 in Stealth
  6913 | D:6      | Found a shadowy altar of Dithmenos.
  6914 | D:6      | Found a white marble altar of Elyvilon.
  7363 | D:5      | Found Putwojuf's Book Emporium.
  7440 | D:5      | Found a broken altar of Ashenzari.
  7815 | D:5      | Reached * piety under Nemelex Xobeh
  7892 | D:5      | Reached skill level 8 in Stealth
  8072 | D:5      | Reached skill level 5 in Dodging
  8116 | D:5      | Reached skill level 9 in Stealth
  8116 | D:5      | Reached XP level 9. HP: 34/34 MP: 10/15
  9029 | D:7      | Received a gift from Nemelex Xobeh
  9084 | D:6      | Reached skill level 10 in Stealth
  9087 | D:6      | Upgraded the game from 0.27.1-33-g824d729ab1 to
                  | 0.27.1-37-g7b29ead8ac
  9455 | D:7      | Found a runed translucent door.
  9455 | D:7      | Noticed soonk12's ghost (novice MiBe)
  9567 | D:7      | Killed soonk12's ghost
 10186 | D:7      | Reached ** piety under Nemelex Xobeh
 10466 | D:8      | Found a hazy altar of Hepliaklqana.
 10507 | D:8      | Noticed a two-headed ogre
 10531 | D:8      | Killed a two-headed ogre
 10532 | D:8      | Reached XP level 10. HP: 38/38 MP: 13/18
 10580 | D:8      | Noticed a two-headed ogre
 10587 | D:8      | Killed a two-headed ogre
 10588 | D:8      | Reached skill level 11 in Stealth
 10610 | D:8      | Reached skill level 5 in Spellcasting
 10798 | D:8      | Got the Papyrus of the Volcanoes
 10877 | D:8      | Received a gift from Nemelex Xobeh
 10938 | D:8      | Identified the +5 hand axe "Oxagosipor" {vamp, *Noise Dex+3
                  | Stlth+}
 11217 | D:8      | Found a snail-covered altar of Cheibriados.
 11415 | D:8      | Found Asocetod's Jewellery Shop.
 11418 | D:8      | Bought an amulet of reflection for 390 gold pieces
 11869 | D:8      | Reached skill level 1 in Invocations
 12152 | D:9      | Found a glowing golden altar of the Shining One.
 12572 | D:9      | Reached skill level 1 in Fighting
 12682 | D:9      | Noticed a two-headed ogre
 12693 | D:9      | Killed a two-headed ogre
 12732 | D:9      | Noticed a two-headed ogre
 12734 | D:9      | Killed a two-headed ogre
 12741 | D:9      | Reached skill level 12 in Stealth
 12749 | D:9      | Reached XP level 11. HP: 39/43 MP: 8/20
 12924 | D:10     | Entered Level 10 of the Dungeon
 13019 | D:10     | Reached *** piety under Nemelex Xobeh
 13030 | D:10     | Learned a level 3 spell: Frozen Ramparts
 13034 | D:10     | Learned a level 3 spell: Dazzling Flash
 13067 | D:10     | Noticed Psyche
 13116 | D:10     | Noticed a two-headed ogre
 13119 | D:10     | Noticed a death yak
 13120 | D:10     | Found a staircase to the Lair.
 13121 | D:10     | Killed a two-headed ogre
 13122 | D:10     | Noticed a death yak
 13124 | D:10     | Noticed a death yak
 13170 | D:10     | Reached skill level 10 in Unarmed Combat
 13194 | D:10     | Noticed a two-headed ogre
 13196 | D:10     | Killed Psyche
 13206 | D:10     | Killed a two-headed ogre
 13207 | D:10     | Reached skill level 1 in Conjurations
 13261 | D:10     | Learned a level 4 spell: Ice Form
 13288 | D:10     | Found Ithroidee's Magic Scroll Boutique.
 13288 | D:10     | Noticed Maggie
 13298 | D:10     | Killed Maggie
 13304 | D:10     | Bought a scroll of identify for 34 gold pieces
 13658 | Lair:1   | Entered Level 1 of the Lair of Beasts
 13693 | Lair:1   | Received a gift from Nemelex Xobeh
 13775 | Lair:1   | Reached skill level 1 in Transmutations
 13989 | Lair:1   | Found a frozen archway.
 13995 | Lair:1   | Reached skill level 13 in Stealth
 14006 | IceCv    | Entered an ice cave
 15104 | IceCv    | Gained mutation: Your thick and shaggy fur keeps you warm.
                  | (AC +3, rC+) [Felid growth]
 15104 | IceCv    | Reached XP level 12. HP: 49/49 MP: 18/21
 15799 | IceCv    | Slain by an anaconda simulacrum
 15800 | IceCv    | Reached XP level 11. HP: -3/46 MP: 18/20
 16353 | IceCv    | Noticed a reaper
 16357 | IceCv    | Killed a reaper
 16497 | Lair:1   | Reached **** piety under Nemelex Xobeh
 16538 | Lair:1   | Reached skill level 1 in Evocations
 16964 | Lair:2   | Reached skill level 5 in Fighting
 16968 | Lair:2   | Identified the +3 war axe "Neyx" {speed, +Blink rPois Dex-5
                  | Stlth+}
 16988 | Lair:2   | Received a gift from Nemelex Xobeh
 17386 | Lair:2   | Found a staircase to the Shoals.
 17387 | Lair:2   | Noticed an eight-headed hydra
 17405 | Lair:2   | Noticed a four-headed hydra
 17518 | Lair:2   | Noticed an eight-headed hydra
 17527 | Lair:2   | Killed an eight-headed hydra
 17528 | Lair:2   | Reached skill level 10 in Dodging
 17528 | Lair:2   | Reached skill level 14 in Stealth
 17528 | Lair:2   | Reached skill level 5 in Invocations
 17666 | Lair:2   | Reached skill level 5 in Ice Magic
 17821 | Lair:2   | Noticed a four-headed hydra
 17824 | Lair:2   | Killed a four-headed hydra
 17825 | Lair:2   | Reached skill level 10 in Hexes
 17825 | Lair:2   | Reached XP level 12. HP: 33/51 MP: 22/22
 18034 | Lair:2   | Received a gift from Nemelex Xobeh
 18174 | Lair:2   | Killed an eight-headed hydra
 18298 | Lair:2   | Killed a four-headed hydra
 18737 | Lair:3   | Noticed a catoblepas
 18931 | Lair:3   | Noticed Sonja
 18938 | Lair:3   | Killed Sonja
 19131 | Lair:3   | Reached ***** piety under Nemelex Xobeh
 19344 | Lair:3   | Learned a level 3 spell: Tukima's Dance
 19608 | Lair:3   | Slain by a wyvern
 19609 | Lair:3   | Reached XP level 11. HP: -2/48 MP: 17/22
 19913 | Lair:3   | Reached XP level 12. HP: 51/51 MP: 19/23
 19925 | Lair:3   | Received a gift from Nemelex Xobeh
 19978 | Lair:3   | Killed a catoblepas
 20374 | Lair:3   | Found a shadowy altar of Dithmenos.
 20377 | Lair:3   | Reached skill level 15 in Stealth
 21360 | Lair:4   | Received a gift from Nemelex Xobeh
 22056 | Lair:4   | Found a hole to the Spider Nest.
 22755 | D:11     | Received a gift from Nemelex Xobeh
 23199 | D:11     | Noticed a two-headed ogre
 23202 | D:11     | Killed a two-headed ogre
 23739 | D:12     | Found a staircase to the Orcish Mines.
 23771 | D:12     | Received a gift from Nemelex Xobeh
 24369 | D:12     | Learned a level 2 spell: Blink
 24564 | Orc:1    | Entered Level 1 of the Orcish Mines
 24748 | Orc:2    | Entered Level 2 of the Orcish Mines
 25087 | Orc:1    | Reached ****** piety under Nemelex Xobeh
 25120 | Orc:1    | Found a transporter.
 25181 | Orc:1    | Noticed barkas's ghost (journeyman CeMo)
 25498 | Orc:2    | Reached XP level 13. HP: 55/55 MP: 20/24
 25738 | Orc:2    | Received a gift from Nemelex Xobeh
 25835 | Orc:2    | Noticed an ettin
 25881 | Orc:2    | Killed an ettin
 26013 | Orc:2    | Found a staircase to the Elven Halls.
 26059 | Orc:2    | Found Hefocuh's Magic Scroll Boutique.
 26062 | Orc:2    | Found Ryusm's Magic Scroll Emporium.
 26271 | Orc:2    | Reached skill level 1 in Translocations
 26873 | Orc:2    | Killed from afar by an orc high priest
 26874 | Orc:2    | Reached XP level 12. HP: -5/51 MP: 20/24
 26887 | Orc:2    | Killed an orc high priest
 26947 | Orc:2    | Found Piucantihee's Distillery.
 27190 | Orc:2    | Found Tij Eto's Antique Weapon Emporium.
 27194 | Orc:2    | Bought a potion of mutation for 128 gold pieces
 27194 | Orc:2    | Gained mutation: You sometimes lose the ability to read
                  | scrolls when taking damage. [potion of mutation]
 27194 | Orc:2    | Gained mutation: Your skin changes colour to match your
                  | surroundings (Stealth+). [potion of mutation]
 27195 | Orc:2    | Bought a potion of mutation for 128 gold pieces
 27195 | Orc:2    | Lost mutation: You sometimes lose the ability to read
                  | scrolls when taking damage. [potion of mutation]
 27195 | Orc:2    | Lost mutation: Your skin changes colour to match your
                  | surroundings (Stealth+). [potion of mutation]
 27195 | Orc:2    | Gained mutation: Your spells are a little easier to cast,
                  | but a little less powerful. [potion of mutation]
 27195 | Orc:2    | Gained mutation: Your body sometimes deteriorates upon
                  | taking damage. [potion of mutation]
 27195 | Orc:2    | Gained mutation: You evolve. [potion of mutation]
 27208 | Orc:2    | Bought a scroll of blinking for 105 gold pieces
 27208 | Orc:2    | Bought a scroll of teleportation for 42 gold pieces
 27481 | Lair:5   | Noticed Nessos
 27537 | Lair:5   | Found a runed translucent gate.
 27537 | Lair:5   | Found a runed translucent gate.
 27537 | Lair:5   | Found a runed translucent gate.
 27569 | Lair:5   | Received a gift from Nemelex Xobeh
 27593 | Lair:5   | Noticed Snorg
 27613 | Lair:5   | Killed Snorg
 27729 | Lair:5   | Reached skill level 16 in Stealth
 27936 | Lair:5   | Noticed a death yak
 27936 | Lair:5   | Noticed a death yak
 27961 | Lair:5   | Noticed a death yak
 27964 | Lair:5   | Noticed a death yak
 28015 | Lair:5   | Slain by a death yak

Illustrated notes

Levels and vault maps discovered:
D:1:      doesnt_arrival_eight_statues, layout_basic,
          ebering_ecumenical_altar_abandoned, minivault_27, st_stairs_11,
          hex_medium, serial_bayou_lagoon_a
D:2:      minmay_spotlight, layout_rooms, minmay_misc_feat_cross
D:3:      layout_loops_ring, trog_three_pillars_becter, serial_aquarium,
          aquarium_bridge_square [aquarium_subvault_balcony,
          aquarium_subvault_balcony, aquarium_subvault_bridge,
          aquarium_subvault_bridge], aquarium_window_2, aquarium_window_fake,
          aquarium_view_2c, aquarium_view_2b, roderic_lattice_a,
          grunt_decor_cap, uniq_ijyb
D:4:      layout_basic, small_statue_intersection, kennysheep_boxes
D:5:      minmay_clustersquares, layout_loops_ring, nicolae_ashenzari_skybound,
          minmay_temple_entry_offerings, serial_shops, shop, chequers_avenue
D:6:      layout_basic, chequers_temple_overflow_minitemple,
          jmf_multi_god_temple
D:7:      layout_cave_pools, gammafunk_ghost_grave, kennysheep_generic_room_15
D:8:      layout_layer_cave, mainiacjoe_overflow_tiny_flanked,
          mainiacjoe_overflow_brackets, serial_shops, kennysheep_mini_moat,
          st_stairs_1
D:9:      layout_roguey, tso_altar, chequers_serial_rivers_micro_c
D:10:     layout_roguey, dpeg_lair_monsters, serial_shops, shop, uniq_psyche,
          uniq_maggie
D:11:     layout_loops_ring, hex_tiny
D:12:     layout_roguey, minmay_orc_entry_guard_dogs
Lair:1:   layout_roguey, portal_ice_cave_demonic_guard, beast_lair_carwin_4,
          lemuel_fruit_fields
Lair:2:   layout_hall_layers, minmay_shoals_entry_beasts, lemuel_fruit_tree
Lair:3:   layout_misc_corridors, lemuel_centaur_altar,
          infiniplex_staircase_pool, uniq_sonja
Lair:4:   layout_cave_pods, spider_nest_entry_rubble, wad_woods_river_01
Lair:5:   layout_regular_city, gammafunk_ghost_necromancy, uniq_snorg,
          uniq_nessos
Orc:1:    layout_caves, basic_altar, gammafunk_ghost_berserking_beasts
Orc:2:    st_orc_elflike, layout_diamond_mine, mines5_lemuel

Skill      XL: |  1  2  3  4  5  6  7  8  9 10 11 12 13 |
---------------+----------------------------------------+-----
Hexes          | 5 6 7 8 10 11 | 11.1
Dodging        | 3 5 6 8 10 12 | 12.1
Unarmed Combat | 3 4 5 6 7 9 11 12 | 12.4
Ice Magic      | 1 2 3 4 5 6 |  6.4
Stealth        | 5 6 9 10 12 14 16 | 16.0
Spellcasting   | 3 4 5 6 7 |  7.5
Invocations    | 2 5 7 |  7.6
Fighting       | 2 5 4 |  5.4
Conjurations   | 3 4 |  4.0
Transmutations | 2 4 |  4.0
Evocations     | 1 |  1.0
Translocations | 3 2 |  3.3

Action                   |  1- 3 |  4- 6 |  7- 9 | 10-12 | 13-15 || total
-------------------------+-------+-------+-------+-------+-------++-------
Melee: Unarmed           |   118 |   166 |   242 |   698 |   141 ||  1365
       Bite              |     9 |    20 |    18 |    44 |    12 ||   103
       Punch             |       |     3 |     9 |    17 |     6 ||    35
 Cast: Corona            |     3 |       |     4 |     3 |       ||    10
       Ensorcelled Hiber |     4 |    21 |    71 |   244 |    56 ||   396
       Confusing Touch   |       |     1 |    14 |    30 |       ||    45
       Dazzling Flash    |       |       |       |    38 |       ||    38
       Ice Form          |       |       |       |     7 |       ||     7
       Frozen Ramparts   |       |       |       |     3 |     3 ||     6
Invok: Draw Destruction  |       |       |       |     9 |     1 ||    10
       Draw Summoning    |       |       |       |     1 |       ||     1
Evoke: Wand              |       |       |       |    11 |       ||    11
  Use: Potion            |     4 |       |       |     5 |       ||     9
       Scroll            |       |       |     3 |    23 |       ||    26
 Stab: Sleeping          |     8 |    20 |    48 |   195 |    34 ||   305
       Invisible         |     1 |       |       |    22 |       ||    23
       Confused          |       |     1 |    13 |    30 |       ||    44
       Distracted        |       |       |       |     7 |     3 ||    10
Armor: Skin              |    20 |    20 |    24 |    72 |     8 ||   144
Dodge: Dodged            |   109 |    90 |   173 |   470 |   122 ||   964
Block: Other             |       |       |       |   115 |    31 ||   146
       Reflection        |       |       |       |     4 |     1 ||     5
